 Dungeon Crawl Stone Soup version 0.31-a0-473-g61b50ae (webtiles) character file.

Game seed: 8913177479595871831

3688 Dorkslayer the Skirmisher (level 10, -3/66 HPs)
             Began as an Octopode Shapeshifter on Aug 6, 2023.
             Was an Initiate of Dithmenos.
             Slain by a wolf (6 damage)
             ... led by Grum
             ... on level 8 of the Dungeon.
             The game lasted 00:24:57 (6879 turns).

Dorkslayer the Skirmisher (Octopode Shapeshifter)   Turns: 6879, Time: 00:24:57

Health: -3/66      AC:  1    Str: 14    XL:     10   Next: 13%
Magic:  10/10      EV: 14    Int: 10    God:    Dithmenos [......]
Gold:   604        SH:  0    Dex: 18    Spells: 9/9 levels left

rFire   . .          .
                       - Unarmed
rCold   . . .        (no shield)
rNeg    + . .        (helmet currently unavailable)
rPois   .            (no amulet)
rElec   .            e - ring of positive energy
rCorr   .            (no ring)
SInv    .            (no ring)
Will    .....        (no ring)
Stlth   ++++         (no ring)
HPRegen 0.31/turn    (no ring)
MPRegen 0.12/turn    (no ring)
                     (no ring)

%: no passive effects
@: beast-form
A: beast (slay +2), almost no armour, amphibious, 8 rings, camouflage 1,
gelatinous body 1, (nimble swimmer 1), tentacles
a: Begin Untransformation, Renounce Religion


You were on level 8 of the Dungeon.
You worshipped Dithmenos.
Dithmenos was noncommittal.
You were a hulking beast.
You visited 2 branches of the dungeon, and saw 9 of its levels.
You also visited: Ossuary.

You collected 604 gold pieces.

Inventory:

Hand Weapons
 d - a +4 scimitar of flaming
 m - a +4 orcbow of draining
Missiles
 s - a curare-tipped dart (quivered)
Jewellery
 e - a ring of positive energy (left tentacle)
Talismans
 b - a beast talisman (active)
Wands
 o - a wand of flame (6)
Scrolls
 c - 2 scrolls of teleportation
 i - a scroll of vulnerability
 j - a scroll of enchant armour
 l - 4 scrolls of amnesia
 n - 2 scrolls of fog {unknown}
 r - 2 scrolls of blinking {unknown}
 t - a scroll of immolation {unknown}
 u - 2 scrolls of poison {unknown}
Potions
 a - 4 potions of lignification
 f - 2 potions of degeneration {unknown}
 g - a potion of mutation
 h - 2 potions of resistance
 k - 3 potions of curing
 p - a potion of ambrosia {unknown}
 q - a potion of enlightenment {unknown}


   Skills:
 * Level 5.5 Fighting
 + Level 9.3 Ranged Weapons
 + Level 0.3 Throwing
 + Level 3.1 Dodging
 + Level 4.5 Stealth
 * Level 7.2 Unarmed Combat
 * Level 1.0 Invocations
 * Level 2.8 Evocations
 + Level 4.2 Shapeshifting


You had 9 spell levels left.
You didn't know any spells.
Your spell library contained the following spells:

 Spells                   Type           Power      Damage    Failure   Level
 Necrotise                Necr           0%         1d4       36%         1
 Wereblood                Tmut           0%         N/A       50%         2
 Vampiric Draining        Necr           0%         2d6       75%         3
 Summon Ice Beast         Ice/Summ       0%         N/A       98%         4
 Agony                    Necr           0%         N/A       100%        5
 Irradiate                Conj/Tmut      0%         3d11      100%        5
 Summon Mana Viper        Hex/Summ       0%         N/A       100%        5
 Monstrous Menagerie      Summ           0%         N/A       100%        7


Dungeon Overview and Level Annotations

Branches:
Dungeon (8/15)             Temple (1/1) D:7         Ossuary (visited)
   Lair: D:8-11

Altars:
Cheibriados
Dithmenos
Elyvilon
Fedhas
Gozag
Hepliaklqana
Kikubaaqudgha
Makhleb
Nemelex Xobeh
Okawaru
Qazlal
Ru
Trog
Uskayaw
Vehumet
Wu Jian
Xom
Yredelemnul
Zin
The Shining One

Shops:
D:2 :[

Annotations:
D:5 5 runed translucent doors
D:8 Grum


Innate Abilities, Weirdness & Mutations

You are a hulking beast.
Your limbs bulge with bestial killing power. (Slay +2)
You cannot wear most types of armour.
You are amphibious.
You can wear up to eight rings at the same time.
Your skin changes colour to match your surroundings (Stealth+).
Your rubbery body absorbs attacks. (AC +1, EV +1)
((You are camouflaged when in or above water. (Stealth+)))
You have tentacles for arms and can constrict up to eight enemies at once.


Message History

You constrict the wolf, but do no damage.
The wolf bites you! The water moccasin bites you.
You are poisoned.
The water moccasin poisons you!
You closely miss the water moccasin. You grab the water moccasin.
The water moccasin is severely wounded.
You constrict the wolf, but do no damage.
You constrict the water moccasin.
You feel very sick. The wolf closely misses you.
The water moccasin closely misses you. The wolf misses you. The wolf bites you!
You bludgeon the wolf! Your grab misses the wolf.
The wolf is heavily wounded.
You constrict the wolf. You constrict the water moccasin.
You feel sick. The water moccasin closely misses you.
The wolf barely misses you. The wolf bites you. The water moccasin bites you.
You are more poisoned.
The water moccasin poisons you!
You bludgeon the wolf! Your grab misses the wolf. You squeeze the wolf.
The wolf is almost dead.
You constrict the wolf. You constrict the water moccasin.
You feel very sick. The wolf bites you but does no damage. The wolf bites you!
The water moccasin closely misses you. The wolf bites you!
* * * LOW HITPOINT WARNING * * *
The wolf bites you!
* * * LOW HITPOINT WARNING * * *
Unknown command.
You feel better.
You constrict the wolf. You constrict the water moccasin.
You kill the water moccasin!
Dithmenos accepts your kill.
Grum growls angrily.
The wolf misses you. The wolf bites you.
* * * LOW HITPOINT WARNING * * *
Your Invocations skill increases to level 1!
You feel better.
You constrict the wolf. The wolf barely misses you. The wolf bites you!
* * * LOW HITPOINT WARNING * * *
The wolf closely misses you. The wolf bites you.
You die...

). #......
..............# #......
.g............# .......
..............# .......
..............##........
..............##........
...........#..#.........
......hh...#..#.......[.
#....h...#..#.........
####....##............
##....#............
##................
##...............
###..###........ ####
####...## #####


You could see Grum and 2 wolves.

Vanquished Creatures
  Erica (D:8)
  Pikel (D:6)
  Psyche (D:8)
  Duvessa (D:5)
  2 water moccasins
  An orc warrior (D:7)
  A black bear (D:4)
  2 sky beasts
  An ice beast (D:6)
  An ogre (D:6)
  A lemure (D:6)
  3 centaurs
  2 phantoms
  3 kobold brigands
  2 scorpions (D:6)
  4 wights (D:8)
  Dowan (D:5)
  3 howler monkeys
  2 hounds
  2 orc priests (D:3)
  2 sleepcaps (D:8)
  An orc wizard (D:7)
  8 mummies (Ossuary)
  2 gnolls (D:3)
  5 adders
  An ufetubus (D:7)
  A worm (D:4)
  2 dart slugs
  9 orcs
  3 bats
  4 endoplasms
  A giant cockroach (D:4)
  A gnoll zombie (Ossuary)
  7 goblins
  7 hobgoblins
  4 jackals (D:5)
  14 kobolds
  5 quokkas
  3 ball pythons
  A frilled lizard (D:1)
  A goblin zombie (D:6)
  A hobgoblin zombie (Ossuary)
  4 kobold zombies (Ossuary)
  2 orc zombies (Ossuary)
  4 rats
  A rat zombie (D:6)
129 creatures vanquished.

Notes
Turn   | Place    | Note
-------+----------+-------------------------------------------
     0 | D:1      | Dorkslayer the Octopode Shapeshifter began the quest for
                  | the Orb.
     0 | D:1      | Reached XP level 1. HP: 13/13 MP: 1/1
   133 | D:1      | Reached XP level 2. HP: 18/18 MP: 2/2
   834 | D:2      | Found Baxuschur's Vocational Training.
   844 | D:2      | Reached XP level 3. HP: 18/23 MP: 3/3
   876 | D:2      | Reached skill level 1 in Stealth
  1082 | D:2      | Found Sikosi's Antique Armour Shoppe.
  1139 | D:2      | Identified the +6 chain mail "Wieluyn" {Int+3 SInv}
  1862 | D:3      | Reached XP level 4. HP: 15/28 MP: 4/4
  1872 | D:3      | Reached XP level 5. HP: 14/34 MP: 5/5
  2118 | D:3      | Found an iron altar of Okawaru.
  2382 | D:3      | Reached skill level 1 in Ranged Weapons
  2625 | D:4      | Noticed a black bear
  2640 | D:4      | Killed a black bear
  2641 | D:4      | Reached skill level 2 in Ranged Weapons
  2641 | D:4      | Reached XP level 6. HP: 39/39 MP: 6/6
  2908 | D:4      | Noticed a sky beast
  2915 | D:4      | Reached skill level 3 in Ranged Weapons
  2920 | D:4      | Killed a sky beast
  2921 | D:4      | Reached XP level 7. HP: 32/45 MP: 7/7
  3034 | D:4      | Found a stormy altar of Qazlal.
  3157 | D:5      | Entered Level 5 of the Dungeon
  3252 | D:5      | Found a runed translucent door.
  3253 | D:5      | Noticed a redback
  3254 | D:5      | Noticed a redback
  3255 | D:5      | Found a runed translucent gate.
  3256 | D:5      | Found a runed translucent gate.
  3256 | D:5      | Noticed a redback
  3257 | D:5      | Noticed a redback
  3268 | D:5      | Found a runed translucent gate.
  3270 | D:5      | Noticed a redback
  3571 | D:5      | Reached skill level 4 in Ranged Weapons
  3579 | D:5      | Noticed Dowan
  3614 | D:5      | Found a bloodstained altar of Trog.
  3617 | D:5      | Noticed Duvessa
  3626 | D:5      | Killed Dowan
  3627 | D:5      | Killed Duvessa
  3628 | D:5      | Reached skill level 5 in Unarmed Combat
  3757 | D:5      | Found the +9 staff of Olgreb {rPois∞}
  3759 | D:5      | Found a runed translucent door.
  3831 | D:6      | Found a shimmering altar of Xom.
  3840 | D:6      | Found a glowing golden altar of the Shining One.
  3841 | D:6      | Found a sparkling altar of Nemelex Xobeh.
  3844 | D:6      | Found a sacrificial altar of Ru.
  3918 | D:6      | Found a sand-covered staircase.
  3939 | Ossuary  | Entered an ossuary
  4035 | Ossuary  | Reached skill level 5 in Ranged Weapons
  4035 | Ossuary  | Reached XP level 8. HP: 52/52 MP: 8/8
  4673 | D:6      | You fall into a shaft and drop 1 floor!
  4691 | D:7      | Reached skill level 6 in Ranged Weapons
  4839 | D:6      | Noticed Pikel
  4860 | D:6      | Killed Pikel
  4861 | D:6      | Reached skill level 7 in Ranged Weapons
  4861 | D:6      | Reached XP level 9. HP: 24/58 MP: 9/9
  5495 | D:7      | Found a staircase to the Ecumenical Temple.
  5567 | D:7      | Reached skill level 8 in Ranged Weapons
  5567 | D:7      | Reached skill level 1 in Evocations
  5613 | Temple   | Entered the Ecumenical Temple
  5635 | Temple   | Became a worshipper of Dithmenos the Shadowed
  6180 | D:8      | Noticed Erica
  6354 | D:8      | Killed Erica
  6355 | D:8      | Reached skill level 5 in Fighting
  6563 | D:8      | Reached skill level 9 in Ranged Weapons
  6563 | D:8      | Reached XP level 10. HP: 66/66 MP: 10/10
  6595 | D:8      | Noticed Psyche
  6599 | D:8      | Killed Psyche
  6872 | D:8      | Noticed Grum
  6877 | D:8      | HP: 1/66 [wolf[Grum] (8)]
  6879 | D:8      | Reached skill level 1 in Invocations
  6879 | D:8      | Slain by a wolf

Illustrated notes

Levels and vault maps discovered:
D:1:      dpeg_arrival_tiny_c, layout_loops_ring
D:2:      minmay_general_purpose_star, layout_basic, serial_shops,
          nicolae_shop_trees, minmay_misc_feat_diagonals,
          nicolae_shop_vocational
D:3:      layout_loops_ring, okawaru_altar_gauntlet_db, minmay_diced_spiral
D:4:      layout_rooms, mainiacjoe_overflow_catwalk,
          hangedman_decor_clover_reticule, minmay_small_thing
D:5:      layout_gridville, lemuel_round_altar,
          minmay_guarded_unrand_staff_of_olgreb, uniq_duvessa
D:6:      layout_basic, minitemple, enter_ossuary_4, uniq_pikel
D:7:      layout_cave_pods, minmay_temple_entry_ruins
D:8:      layout_cave_pods, uniq_erica, uniq_grum, uniq_psyche
Temple:   hellmonk_temple_forest_ring

Skill      XL: |  1  2  3  4  5  6  7  8  9 10 |
---------------+-------------------------------+-----
Stealth        | 1 2 3 4 |  4.5
Unarmed Combat | 4 5 6 7 |  7.2
Ranged Weapons | 2 3 5 7 9 |  9.3
Fighting       | 2 3 4 5 |  5.5
Shapeshifting  | 4 |  4.2
Evocations     | 2 |  2.8
Dodging        | 3 |  3.1
Invocations    | 1 |  1.0
Throwing       | |  0.3

Action                     |  1- 3 |  4- 6 |  7- 9 | 10-12 || total
---------------------------+-------+-------+-------+-------++-------
  Melee: Unarmed           |    47 |    41 |    75 |     4 ||   167
         Constrict         |    10 |    10 |    11 |     2 ||    33
         Tentacles         |     3 |    10 |    19 |     1 ||    33
         Punch             |       |     2 |     6 |       ||     8
   Fire: Orcbow            |    11 |    49 |   123 |     7 ||   190
  Throw: Dart              |       |       |     5 |       ||     5
    Use: Potion            |     3 |       |     7 |     2 ||    12
         Scroll            |     1 |     3 |    12 |       ||    16
   Stab: Sleeping          |     5 |     3 |     3 |       ||    11
         Invisible         |       |       |     2 |       ||     2
 Armour: Skin              |     7 |     4 |       |     1 ||    12
  Dodge: Dodged            |    31 |    40 |    48 |     9 ||   128

Table legend: (Time is in decaauts)
 A = Elapsed time spent in this place.
 B = Non-inter-level travel time spent in this place.
 C = Inter-level travel time spent in this place.
 D = Time resting spent in this place.
 E = Time spent auto-exploring this place.
 F = Levels seen in this place.
 G = Mean time per level.
                   A        B        C        D        E       F      G
               +--------+--------+--------+--------+--------+-----+--------+
         Total |   6894 |   6894 |      0 |    312 |   3522 |  10 |  689.4 |
       Dungeon |   6589 |   6589 |      0 |    312 |   3522 |   8 |  823.6 |
        Temple |     28 |     28 |      0 |      0 |      0 |   1 |   28.0 |
       Ossuary |    276 |    276 |      0 |      0 |      0 |   1 |  276.0 |
               +--------+--------+--------+--------+--------+-----+--------+

Top non-repeatable levels by time:
     D:6: 1218 daAuts
     D:3: 1126 daAuts
     D:7: 895 daAuts
     D:2: 844 daAuts
     D:5: 669 daAuts
     D:1: 643 daAuts
     D:8: 637 daAuts
     D:4: 554 daAuts
 Ossuary: 276 daAuts
  Temple: 28 daAuts
